 Dungeon Crawl Stone Soup version bcrawl-1.37.1 (webtiles) character file.

Game seed: 11517459736628697240

196882 Morbidden the Cudgeler (level 8, -5/48 HPs)
             Began as a Skeleton Archaeologist on Oct 23, 2022.
             Slain by a troll (11 damage)
             ... on level 5 of the Dungeon.
             The game lasted 00:10:19 (5616 turns).

Morbidden the Cudgeler (Skeleton Archaeologist)     Turns: 5616, Time: 00:10:20

Health: -5/48      AC: 19    Str: 17      XL:     8   Next: 5%
Magic:  0/13       EV:  7    Int: 16      God:
Gold:   314        SH:  7    Dex:  6 (7)  Spells: 14/14 levels left

rFire    . . .     GDR:     22% a - +2 mace (protect)
rCold    + . .     SeeInvis .   c - +3 warlock's mirror {reflect}
rNeg     + + +     Gourm    .   p - +0 chain mail
rPois    ∞         Faith    .   d - +1 hat
rElec    .         Spirit   +   (no cloak)
rCorr    .         Reflect  +   (no gloves)
MR       +....                  e - +1 pair of boots
Stlth    ..........             (no amulet)
HPRegen  0.18/turn              (no ring)
MPRegen  0.13/turn              (no ring)

@: protection aura
A: no food or potions, cold resistance 1, deterioration 1, negative energy
resistance 3, powered by death 1, torment resistance, unbreathing, magic shield,
sturdy frame 1, spell healing
a: no special abilities


You were on level 5 of the Dungeon.
You were not hungry.

You visited 1 branch of the dungeon, and saw 5 of its levels.
You also visited: Sewer.

You collected 314 gold pieces.

Inventory:

Hand Weapons
 a - a +2 mace of protection (weapon)
 b - a +0 blowgun
Missiles
 h - 57 poisoned needles
Armour
 c - the +3 warlock's mirror (worn) {reflect}
   (You acquired it on level 3 of the Dungeon)
 d - a +1 hat (worn)
 e - a +1 pair of boots (worn)
 p - a +0 chain mail (worn)
Wands
 f - a wand of digging (6)
Scrolls
 g - a scroll of enchant armour {unknown}
 i - 2 scrolls of identify
 j - a scroll of amnesia {unknown}
 k - a scroll of enchant weapon {unknown}
 l - 2 scrolls of teleportation
 m - 6 scrolls of remove curse
 n - a scroll of fog {unknown}
 o - a scroll of blinking
 q - a scroll of fear {unknown}
Miscellaneous
 r - a sack of spiders
 s - a phial of floods


   Skills:
 * Level 3.9 Fighting
 * Level 5.8 Maces & Flails
 * Level 3.9 Armour
 * Level 4.5 Dodging
 + Level 4.4 Stealth
 * Level 3.0 Shields
 * Level 3.7 Spellcasting


You had 14 spell levels left.
You didn't know any spells.
Your spell library contained the following spells:

 Spells                   Type           Power        Failure   Level  Hunger
 Confuse                  Hex            #.......     100%        3    N/A
 Dazzling Orbs            Conj/Hex       #......      100%        3    N/A
 Petrify                  Tmut/Erth      #.........   100%        4    N/A
 Yara's Violent Unravell  Hex/Tmut       #.........   100%        4    N/A
 Silence                  Hex/Air        #.........   100%        5    N/A

Dungeon Overview and Level Annotations

Branches:
Dungeon (5/12)
 Temple: D:4-7

Altars:
Nemelex Xobeh
Ru

Shops:
D:4 *

Annotations:
D:4 4 runed doors


Innate Abilities, Weirdness & Mutations

You do not eat or drink.
You are immune to poison.
Your flesh is cold resistant. (rC+)
Your body sometimes deteriorates upon taking damage.
You are immune to negative energy. (rN+++)
You regenerate a little health from kills.
You are immune to unholy pain and torment.
You can survive without breathing.
When hurt, damage is shared between your health and your magic reserves.
Your movements are slightly less encumbered by armour. (ER -2)
Casting spells heals you.


Message History

You are too injured to fight recklessly!
No path to travel!
You are too injured to fight recklessly!
You are too injured to fight recklessly!
No path to travel!
No path to travel!
You are too injured to fight recklessly!
You thump the troll!
The troll is almost dead.
You block the troll's attack.
The troll claws you but does no damage. x2
You hit the troll but do no damage.
The troll is almost dead.
You block the troll's attack. The troll claws you! The troll claws you.
Your chain mail prevents you from hitting the troll.
The troll is almost dead.
The troll bites you!
* * * LOW HITPOINT WARNING * * *
You block the troll's attack. The troll claws you but does no damage.
The troll bites you!
You die...

... ... . .. . .# #.
##^# .. .## #..# ##.#
.....#######.###
###..#
#..T@..!....####.>.##
#########.#..!.....>.
#..##.%.#####
##.##.### # #..!.# #
##..##### ##......#
#..####..# #.## .


You could see a troll.

Vanquished Creatures
  An ogre (D:4)
  A sky beast (D:4)
  A phantom (D:4)
  A kobold brigand (D:4)
  A scorpion (D:4)
  A howler monkey (D:2)
  An orc priest (D:4)
  2 crimson imps (D:4)
  2 hounds
  3 orc wizards
  Jessica (D:2)
  Terence (D:2)
  4 worker ants
  A hound skeleton (D:5)
  2 river rats (D:4)
  6 adders
  An ooze (D:4)
  4 worms
  A dart slug (D:1)
  2 leopard geckos
  14 orcs
  2 ball pythons (Sewer)
  8 bats
  2 giant cockroaches
  3 goblins
  11 hobgoblins
  12 jackals
  5 quokkas
  7 frilled lizards
  20 kobolds
  16 rats
  3 plants (Sewer)
140 creatures vanquished.

Vanquished Creatures (others)
  A kobold (Sewer)
  2 plants (Sewer)
3 creatures vanquished.

Grand Total: 143 creatures vanquished

Notes
Turn   | Place    | Note
-------+----------+-------------------------------------------
     0 | D:1      | Morbidden the Skeleton Archaeologist began the quest for
                  | the Orb.
     0 | D:1      | Reached XP level 1. HP: 12/12 MP: 1/1
   171 | D:1      | Reached XP level 2. HP: 16/16 MP: 2/2
   337 | D:1      | Got a faintly glowing diamond amulet
   348 | D:1      | Identified the amulet of Pygrydif {Inacc Int+4} (You found
                  | it on level 1 of the Dungeon)
   803 | D:1      | Reached XP level 3. HP: 20/20 MP: 3/3
  1148 | D:2      | Reached skill level 2 in Maces & Flails
  1210 | D:2      | Reached skill level 1 in Spellcasting
  1235 | D:2      | Noticed Terence
  1247 | D:2      | Killed Terence
  1248 | D:2      | Reached XP level 4. HP: 25/25 MP: 5/5
  1279 | D:2      | Noticed Jessica
  1287 | D:2      | Killed Jessica
  1288 | D:2      | Reached skill level 1 in Armour
  1779 | D:3      | Reached skill level 3 in Maces & Flails
  1984 | D:3      | Reached XP level 5. HP: 7/30 MP: 2/7
  1984 | D:3      | Identified a scroll of acquirement
  2527 | D:3      | Found a faded altar of an unknown god.
  2553 | D:3      | Identified the ring of Awe {rC+ Dex+2 Slay+3} (You acquired
                  | it on level 3 of the Dungeon)
  2554 | D:3      | Found the +3 warlock's mirror {reflect}
  2777 | D:3      | Reached skill level 4 in Maces & Flails
  2781 | D:3      | Gained mutation: You regenerate a little health from kills.
                  | [Skeleton growth]
  2781 | D:3      | Reached XP level 6. HP: 21/35 MP: 6/9
  3072 | D:4      | Found a glowing drain.
  3088 | D:4      | Reached skill level 1 in Shields
  3139 | Sewer    | Entered a sewer
  4118 | D:4      | Found a large runed door.
  4118 | D:4      | Found a large runed door.
  4120 | D:4      | Found a large runed door.
  4120 | D:4      | Found a large runed door.
  4161 | D:4      | Found Kidd's General Store.
  4457 | D:4      | Reached XP level 7. HP: 37/40 MP: 9/11
  4647 | D:4      | Reached skill level 5 in Maces & Flails
  5128 | D:4      | Found a sacrificial altar of Ru.
  5227 | D:4      | Found a sparkling altar of Nemelex Xobeh.
  5489 | D:4      | Reached XP level 8. HP: 48/48 MP: 13/13
  5536 | D:5      | Entered Level 5 of the Dungeon
  5603 | D:5      | Noticed a troll
  5616 | D:5      | Slain by a troll

Skill      XL: |  1  2  3  4  5  6  7  8 |
---------------+-------------------------+-----
Stealth        | 4 |  4.4
Maces & Flails | 2 3 4 5 |  5.8
Spellcasting   | 1 2 3 |  3.7
Armour         | 1 2 3 |  3.9
Fighting       | 2 3 |  3.9
Dodging        | 4 |  4.5
Shields        | 1 2 3 |  3.0

Action                   |  1- 3 |  4- 6 |  7- 9 || total
-------------------------+-------+-------+-------++-------
Melee: Whip              |   143 |   653 |       ||   796
       Flail             |       |    44 |    42 ||    86
       Mace              |       |       |   106 ||   106
 Fire: Blowgun           |     4 |    44 |    23 ||    71
  Use: Scroll            |     2 |     8 |       ||    10
 Stab: Sleeping          |    13 |     3 |       ||    16
Armor: Robe              |    36 |    19 |       ||    55
       Chain mail        |       |   344 |    97 ||   441
Dodge: Dodged            |    99 |   248 |    47 ||   394
Block: Buckler           |       |   146 |    49 ||   195
       Reflection        |       |     5 |     1 ||     6
